 Dungeon Crawl Stone Soup version 0.18.1-48-g4cf74bf (webtiles) character file.

1077 PrikolusRex the Chopper (level 8, -12/71 HPs)
             Began as a Minotaur Berserker on Sept 7, 2016.
             Was an Initiate of Okawaru.
             Mangled by a polar bear (24 damage)
             ... created by the rage of Trog
             ... on level 4 of the Dungeon.
             The game lasted 00:21:50 (3318 turns).

PrikolusRex the Chopper (Minotaur Berserker)        Turns: 3318, Time: 00:21:50

Health: -12/71     AC: 12    Str: 24    XL:     8   Next: 8%
Magic:  7/7        EV: 10    Int:  6    God:    Okawaru [......]
Gold:   163        SH:  0    Dex: 10    Spells: 0 memorised, 7 levels left

rFire  . . .     SeeInvis .     a - +0 hand axe
rCold  . . .     Gourm    +     i - +2 chain mail
rNeg   . . .     Faith    .     (no shield)
rPois  .         Spirit   .     (helmet restricted)
rElec  .         Dismiss  .     (no cloak)
rCorr  .         Reflect  .     (no gloves)
SustAt .         Harm     .     (no boots)
MR     .....                    h - amulet of the gourmand
Stlth  ..........               n - +4 ring of slaying
                                z - +2 ring of intelligence

@: very slightly contaminated, not resistant to hostile enchantments, extremely
unstealthy
A: retaliatory headbutt, horns 2
a: Renounce Religion


You were on level 4 of the Dungeon.
You worshipped Okawaru.
Okawaru was noncommittal.
You were not hungry.

You visited 2 branches of the dungeon, and saw 5 of its levels.

You collected 163 gold pieces.

Inventory:

Hand Weapons
 a - a +0 hand axe (weapon)
 x - a +4 dagger
 D - a +4 short sword
 F - a +1 scythe of distortion
 G - a +0 morningstar
 H - a +1 whip of freezing
Armour
 b - a +0 animal skin
 i - a +2 chain mail (worn)
 A - a +0 helmet
Jewellery
 h - an amulet of the gourmand (around neck)
 n - a +4 ring of slaying (right hand)
 z - a +2 ring of intelligence (left hand)
Wands
 B - a wand of digging (8/24)
Scrolls
 e - a scroll of identify
 f - 2 scrolls of random uselessness
 m - 2 scrolls of remove curse
 y - a scroll of amnesia
 E - a scroll of teleportation {unknown}
Potions
 d - a potion of haste {unknown}
 g - a potion of cancellation {unknown}
 j - a potion of mutation
 k - a potion of beneficial mutation {unknown}
 l - a potion of degeneration {unknown}
 o - 3 potions of curing {unknown}
 q - a potion of resistance {unknown}
 s - 4 potions of lignification {unknown}
 t - a potion of cure mutation {unknown}
 u - 2 potions of heal wounds {unknown}
 w - a potion of magic {unknown}
Comestibles
 c - 3 bread rations
 r - 2 slices of pizza
 C - 2 meat rations


   Skills:
 + Level 6.7 Fighting
 + Level 6.7 Axes
 + Level 6.1 Armour
 + Level 5.3 Dodging
 + Level 0.5 Stealth


You had 7 spell levels left.
You didn't know any spells.

Dungeon Overview and Level Annotations

Branches:
Dungeon (4/15)             Temple (1/1) D:4

Altars:
Gozag
Makhleb
Nemelex Xobeh
Okawaru
Pakellas
Sif Muna
Trog
Xom
Zin
The Shining One


Innate Abilities, Weirdness & Mutations

You reflexively headbutt those who attack you in melee.
You have a pair of horns on your head.


Message History

The black bear bites you but does no damage.
The black bear claws you.
The black bear claws you but does no damage.
The black bear bites you. The black bear barely misses you.
The black bear claws you but does no damage.
The polar bear rages.
You hear an angry growl.
The black bear rages.
The polar bear rages.
The black bear rages.
You hear an angry growl.
The polar bear rages.
You hear an angry growl. x2
The polar bear bites you!
* * * LOW HITPOINT WARNING * * *
The polar bear completely misses you. The polar bear closely misses you.
The black bear rages.
You hear an angry growl.
The black bear rages.
The polar bear bites you!!
You die...

#.# #.........#.#
#.# #.###.#####.#
##.###.# #.# #.#
.......# #.# #.#
.#.##### #.# #(#
.#)#######.# #.#
...........# #.#
.#.######### #|#
.#.###.....## #@#
##.##...⌠..p## #h#
#.#........h# #.#
#.#.8._._p8.# #h#
##.#.......h.###h#
...##...⌠.hh##.hh#
...###.h..h##[.###
#### ###h###.h##
#..†h.##


You could see 2 polar bears and 3 black bears.

Vanquished Creatures
  Pikel (D:4)
  Sigmund (D:4)
  A slave (D:4)
  A phantom (D:4)
  The ghost of mjk the Slasher, a weakling HOGl (D:3)
  An orc priest (D:4)
  2 orc wizards (D:4)
  3 worker ants (D:4)
  3 gnolls (D:2)
  8 adders
  2 worms (D:3)
  A dart slug (D:2)
  A giant gecko (D:1)
  2 orcs (D:4)
  12 bats
  3 giant cockroaches
  4 hobgoblins
  10 kobolds
  A quokka (D:2)
  2 ball pythons
  3 giant newts
  6 goblins
  6 rats
75 creatures vanquished.

Vanquished Creatures (others)
  2 slaves (D:4)
2 creatures vanquished.

Grand Total: 77 creatures vanquished

Notes
Turn   | Place    | Note
--------------------------------------------------------------
     0 | D:1      | PrikolusRex the Minotaur Berserker began the quest for the Orb.
     0 | D:1      | Reached XP level 1. HP: 19/19 MP: 0/0
    97 | D:1      | Found a glowing golden altar of the Shining One.
   131 | D:1      | Reached XP level 2. HP: 13/27 MP: 1/1
   744 | D:2      | Reached XP level 3. HP: 33/33 MP: 2/2
   774 | D:2      | Reached ** piety under Trog
   941 | D:2      | Found a burning altar of Makhleb.
   946 | D:2      | Found a glowing silver altar of Zin.
   946 | D:2      | Noticed an angel
   946 | D:2      | Noticed a blizzard demon
  1027 | D:2      | Reached XP level 4. HP: 41/41 MP: 3/3
  1268 | D:3      | Noticed mjk's ghost (weakling HOGl)
  1278 | D:3      | Killed mjk's ghost
  1278 | D:3      | Reached skill level 5 in Fighting
  1278 | D:3      | Reached skill level 5 in Axes
  1278 | D:3      | Reached XP level 5. HP: 48/48 MP: 4/4
  1694 | D:3      | Reached *** piety under Trog
  2003 | D:4      | Noticed Sigmund
  2011 | D:4      | Killed Sigmund
  2011 | D:4      | Reached XP level 6. HP: 56/56 MP: 5/5
  2092 | D:4      | Reached XP level 7. HP: 34/62 MP: 6/6
  2347 | D:4      | Found a staircase to the Ecumenical Temple.
  2452 | Temple   | Entered the Ecumenical Temple
  2616 | Temple   | Fell from the grace of Trog
  2616 | Temple   | Became a worshipper of Warmaster Okawaru
  3267 | D:4      | Found an opulent altar of Gozag.
  3268 | D:4      | Found a sparkling altar of Nemelex Xobeh.
  3268 | D:4      | Noticed Pikel
  3288 | D:4      | Killed Pikel
  3288 | D:4      | Reached skill level 5 in Dodging
  3288 | D:4      | Reached XP level 8. HP: 54/71 MP: 7/7
  3301 | D:4      | Noticed a polar bear
  3301 | D:4      | Noticed a polar bear
  3318 | D:4      | Mangled by a polar bear

Skill      XL: |  1  2  3  4  5  6  7 |
---------------+----------------------+-----
Axes           | 4 5 6 |  6.7
Fighting       | 4 5 6 |  6.7
Dodging        | 3 4 5 |  5.3
Armour         | 3 4 6 |  6.1
Stealth        | |  0.5

Action                   |  1- 3 |  4- 6 |  7- 9 || total
-------------------------+-------+-------+-------++-------
Melee: Hand axe          |    71 |    93 |    24 ||   188
       Headbutt          |     5 |    14 |    11 ||    30
Invok: Berserk           |     2 |     3 |       ||     5
  Use: Scroll            |       |     6 |     2 ||     8
  Eat: Bread ration      |     1 |       |     1 ||     2
       Chunk             |       |     4 |       ||     4
       Beef jerky        |       |       |     1 ||     1
Armor: Animal skin       |    16 |       |       ||    16
       Chain mail        |    26 |    79 |    39 ||   144
Dodge: Dodged            |    53 |    77 |    28 ||   158
